 Dungeon Crawl Stone Soup version 0.31-a0-187-gba352fbbf7 (webtiles) character file.

Game seed: 11826051456024453434

23 qw the Shooter (level 2, -3/16 HPs)
             Began as a Deep Elf Hunter on June 22, 2023.
             Slain by a worm (9 damage)
             ... on level 1 of the Dungeon.
             The game lasted 00:00:14 (513 turns).

qw the Shooter (Deep Elf Hunter)                     Turns: 513, Time: 00:00:15

Health: -3/16      AC:  6    Str:  8    XL:     2   Next: 72%
Magic:  4/4        EV:  8    Int: 13    God:
Gold:   42         SH:  0    Dex: 18    Spells: 1/1 levels left

rFire   . . .        Y - +0 shortbow
rCold   . . .        (shield currently unavailable)
rNeg    . . .        g - +0 scale mail
rPois   .            (no helmet)
rElec   .            (no cloak)
rCorr   .            (no gloves)
SInv    .            (no boots)
Will    .....        (no amulet)
Stlth   +            (no ring)
HPRegen 0.22/turn    (no ring)
MPRegen 0.09/turn

%: no passive effects
@: no status effects
A: no striking features
a: no special abilities


You were on level 1 of the Dungeon.
You visited 1 branch of the dungeon, and saw 2 of its levels.

You collected 42 gold pieces.


   Skills:
 - Level 1.5 Fighting
 + Level 6.4 Ranged Weapons
 - Level 2.4 Dodging
 - Level 1.2 Stealth


You had one spell level left.
You didn't know any spells.
Your spell library was empty.

Inventory:

Hand Weapons
 Y - a +0 shortbow (weapon)
Armour
 g - a +0 scale mail (worn)
Scrolls
 f - 2 scrolls of identify
Potions
 e - a potion of heal wounds

Dungeon Overview and Level Annotations

Branches:
Dungeon (2/15)

Altars:


Message History

e - a potion of heal wounds
483 ||| IDENTIFYING bubbling puce potion Done exploring.
484 ||| DROPPING scroll of butterflies.
You drop a scroll of butterflies.
Done exploring.
(D) Dungeon
Where to? (* - list waypoints, ? - help)
What level of the Dungeon? (default 1, ? - help)
You see here a +0 short sword.
There is a stone staircase leading down here.
You climb downwards.
Found 5 stones and a scroll labelled JICLEI JOASS.
Found a stone staircase leading down.
There is a stone staircase leading up here.
A worm is nearby!
Waypoint 1 assigned to D:2.
You shoot an arrow. The arrow hits the worm!
The worm is moderately wounded.
You shoot an arrow.
The arrow hits the worm but does no damage.
The worm is moderately wounded.
The worm bites you!
Ouch! That really hurt!
507 ||| STAIRDANCE The worm bites you but does no damage.
You climb upwards.
There is a stone staircase leading down here.
You shoot an arrow. The arrow hits the worm.
The worm is heavily wounded.
The worm bites you.
You shoot an arrow. The arrow barely misses the worm.
The worm bites you.
You shoot an arrow. The arrow hits the worm.
The worm is heavily wounded.
You shoot an arrow. The arrow hits the worm.
The worm is severely wounded.
The worm bites you but does no damage.
You shoot an arrow. The arrow barely misses the worm.
The worm bites you!
Ouch! That really hurt!
You die... 77

77....(.#.....####..###.... 7
7.....#........###.# ##### 7
7....##..........#.####### 7
7.....#....###.#......#... 7
7.^............##......... 77
77..................(......
.777777.......)..............)...
...............w.................
.........##.....@................
.........#...................#...
.................................
....#.................##........#
...###...##.....................#
###>##..######.##.....#..........
...............#.................
.##777.777##...#.................
.# 7}7 #...#.........(....%.#


You could see a worm.

Vanquished Creatures
  A dart slug (D:1)
  2 ball pythons (D:1)
  A giant cockroach (D:1)
  4 goblins (D:1)
  3 hobgoblins (D:1)
  2 jackals (D:1)
  A quokka (D:1)
  A frilled lizard (D:1)
  2 rats (D:1)
17 creatures vanquished.

Notes
Turn   | Place    | Note
-------+----------+-------------------------------------------
     0 | D:1      | qw the Deep Elf Hunter began the quest for the Orb.
     0 | D:1      | Reached XP level 1. HP: 12/12 MP: 3/3
     0 | D:1      | 0 ||| qw: Version: 0.3-a-9-g12657ce
     0 | D:1      | 0 ||| qw: Game counter: 2414
     0 | D:1      | 0 ||| qw: Always use a shield: true
     0 | D:1      | 0 ||| qw: God list: Okawaru
     0 | D:1      | 0 ||| qw: Allow faded altars: false
     0 | D:1      | 0 ||| qw: Do Orc after D:15 true
     0 | D:1      | 0 ||| qw: Do second Lair branch before Depths: true
     0 | D:1      | 0 ||| qw: Lair rune preference: random
     0 | D:1      | 0 ||| qw: Plans: Normal
     0 | D:1      | 0 ||| PLANNING D:1-11
    38 | D:1      | HP: 3/12 [quokka (2)]
    43 | D:1      | Reached skill level 6 in Ranged Weapons
    43 | D:1      | Reached XP level 2. HP: 5/16 MP: 4/4
   470 | D:1      | 470 ||| UPGRADING to +0 scale mail.
   480 | D:1      | 480 ||| DROPPING +0 leather armour.
   481 | D:1      | 481 ||| READING scroll labelled CEITI NEGUTEQ.
   482 | D:1      | 482 ||| READING 4 scrolls labelled VIXKYR WOF PEY.
   483 | D:1      | 483 ||| READING 3 scrolls of identify.
   483 | D:1      | 483 ||| IDENTIFYING bubbling puce potion
   484 | D:1      | 484 ||| DROPPING scroll of butterflies.
   507 | D:2      | 507 ||| STAIRDANCE
   513 | D:1      | Slain by a worm

Levels and vault maps discovered:
D:1:      scummos_arrival_forest, layout_rooms, kennysheep_decorative_pillar,
          hangedman_decor_push
D:2:      layout_basic, minmay_increasing_density

Skill      XL: |  1 |
---------------+----+-----
Ranged Weapons | 6 |  6.4
Fighting       | |  1.5
Dodging        | |  2.4
Stealth        | |  1.2

Action                     || total
---------------------------++-------
   Fire: Shortbow          ||    52
    Use: Scroll            ||     3
 Armour: Leather armour    ||     2
         Scale mail        ||     2
  Dodge: Dodged            ||    12

Table legend:
 A = Non-vault XP
 B = Vault XP
 C = Vault XP percentage of total XP
 D = Non-vault monster count
 E = Vault monster count
 F = Vault count percentage of total count
                 A         B        C        D         E       F
            +---------+---------+-------+---------+---------+-------
      Total |      33 |       0 |   0.0 |      17 |       0 |   0.0
            +---------+---------+-------+---------+---------+-------
        D:1 |      33 |       0 |   0.0 |      17 |       0 |   0.0
            +---------+---------+-------+---------+---------+-------
